| TOP OF THE 1ST |
|
Kingsport Mets batting - Pitching for Billings Mustangs : RHP Juan Oliveros
|
|
Pitching: RHP Juan Oliveros
|
|
|
Batting: LHB Matt Baker
|
0-0: DOUBLE (Line Drive, 89D, EV 111.2 MPH)
|
|
Batting: RHB Artyom Shavkunov
|
0-0: Fly out, F9 (Flyball, 89M, EV 95.0 MPH)
|
|
Batting: SHB Tyler Maddux
|
0-0: Called Strike Matt Baker is caught stealing 3rd base 2-5 0-1: Ball 1-1: SOLO HOME RUN (Flyball, 7D, EV 98.8 MPH), Distance : 367 ft
|
|
Batting: SHB Nick Daigle
|
0-0: Ball 1-0: Ball 2-0: Called Strike 2-1: Ball 3-1: Base on Balls
|
|
Batting: RHB Bill Crogan
|
0-0: Ball 1-0: Foul Ball, location: 2F 1-1: Foul Ball, location: 2F 1-2: DOUBLE (Line Drive, 9LS, EV 96.2 MPH) Nick Daigle to third Runner from 3rd tries for Home, SAFE, no throw by RF
|
|
Batting: RHB Enrique Aguirre
|
0-0: Called Strike 0-1: DOUBLE (Flyball, 8LXD, EV 101.9 MPH) Bill Crogan scores
|
|
Batting: RHB Chris Artz
|
0-0: Foul Ball, location: 2F 0-1: Ball 1-1: Swinging Strike 1-2: Ball 2-2: Ball 3-2: Base on Balls
|
|
Batting: SHB Keith Casner
|
0-0: Ball 1-0: Ball 2-0: Called Strike 2-1: Foul Ball, location: 2F 2-2: SINGLE (Groundball, 4D, EV 98.8 MPH) Enrique Aguirre to third Chris Artz to second Runner from 3rd tries for Home, throw by RF and OUT! 9-2
|
| Top of the 1st over - 3 runs, 5 hits, 0 errors, 2 left on base; Kingsport 3 - Billings 0 |
| BOTTOM OF THE 1ST |
|
Billings Mustangs batting - Pitching for Kingsport Mets : RHP Sandro Fibonacci
|
|
Pitching: RHP Sandro Fibonacci
|
|
|
Batting: RHB Alex de Leon
|
0-0: Foul Ball, location: 2F 0-1: Ball 1-1: Fly out, F4 (Popup, 4M, EV 70.6 MPH)
|
|
Batting: RHB Alex Juarez
|
0-0: Ball 1-0: Called Strike 1-1: DOUBLE (Flyball, 78D, EV 101.9 MPH)
|
|
Batting: SHB David Garnica
|
0-0: Ball 1-0: Foul Ball, location: 2F 1-1: Foul Ball, location: 2F 1-2: Ball 2-2: Strikes out looking
|
|
Batting: RHB Alex Villagomez
|
0-0: Ball 1-0: Ball 2-0: Foul Ball, location: 2F 2-1: Called Strike 2-2: SINGLE (Groundball, 6MD, EV 98.8 MPH) Alex Juarez to third Runner from 3rd tries for Home, SAFE, throw by CF to home
|
|
Batting: SHB Jaivata Mohanty
|
0-0: Called Strike 0-1: Ball 1-1: Foul Ball, location: 2F 1-2: Fly out, F8 (Flyball, 8LD, EV 96.2 MPH)
|
| Bottom of the 1st over - 1 run, 2 hits, 0 errors, 1 left on base; Kingsport 3 - Billings 1 |
| TOP OF THE 2ND |
|
Kingsport Mets batting - Pitching for Billings Mustangs : RHP Juan Oliveros
|
|
Batting: RHB Sam Callahan
|
0-0: Ball 1-0: Called Strike 1-1: Swinging Strike 1-2: Foul Ball, location: 2F 1-2: Ball 2-2: Ball 3-2: Fly out, F9 (Flyball, 89M, EV 80.6 MPH)
|
|
Batting: LHB Matt Baker
|
0-0: Ground out 6-3 (Groundball, 6M, EV 96.9 MPH)
|
|
Batting: RHB Artyom Shavkunov
|
0-0: Ball 1-0: Ball 2-0: Called Strike 2-1: Foul Ball, location: 2F 2-2: Ball 3-2: Fly out, F8 (Flyball, 8LD, EV 93.1 MPH)
|
| Top of the 2nd over - 0 runs, 0 hits, 0 errors, 0 left on base; Kingsport 3 - Billings 1 |
| BOTTOM OF THE 2ND |
|
Billings Mustangs batting - Pitching for Kingsport Mets : RHP Sandro Fibonacci
|
|
Batting: LHB William Matthews
|
0-0: Called Strike 0-1: Single, Error in OF, E9, batter to second base (Groundball, 34D, EV 109.4 MPH)
|
|
Batting: RHB Will Trudeau
|
0-0: Ball 1-0: Called Strike 1-1: Called Strike 1-2: Foul Ball, location: 2F 1-2: Ground out 6-3 (Groundball, 6, EV 83.1 MPH)
|
|
Batting: LHB Alex Ramos
|
0-0: Ball 1-0: Ball 2-0: 2-RUN HOME RUN (Line Drive, 9LD, EV 97.5 MPH), Distance : 372 ft
|
|
Batting: RHB Omar Garce
|
0-0: Ball 1-0: Ball 2-0: Foul Ball, location: 2F 2-1: Ball 3-1: Foul Ball, location: 2F 3-2: Base on Balls
|
|
Batting: RHB Alex de Leon
|
0-0: Ball 1-0: Ball Wild Pitch! Omar Garce to second 2-0: Ball 3-0: Base on Balls
|
|
Batting: RHB Alex Juarez
|
0-0: Called Strike 0-1: DOUBLE (Line Drive, 5D, EV 99.4 MPH) Omar Garce scores Alex de Leon to third
|
|
Batting: SHB David Garnica
|
0-0: SINGLE (Line Drive, 4MD, EV 98.1 MPH) Alex de Leon scores Alex Juarez to third Runner from 3rd tries for Home, SAFE, throw by CF to home
|
|
Pitching: RHP Justin Williams
|
|
|
Batting: RHB Alex Villagomez
|
0-0: Called Strike 0-1: Foul Ball, location: 2F 0-2: Ball 1-2: Fly out, F8 (Line Drive, 8LM, EV 110.0 MPH)
|
|
Batting: SHB Jaivata Mohanty
|
0-0: Called Strike 0-1: Ball 1-1: Ground out U3 (Groundball, 34S, EV 85.0 MPH)
|
| Bottom of the 2nd over - 5 runs, 4 hits, 1 error, 1 left on base; Kingsport 3 - Billings 6 |
| TOP OF THE 3RD |
|
Kingsport Mets batting - Pitching for Billings Mustangs : RHP Juan Oliveros
|
|
Batting: SHB Tyler Maddux
|
0-0: Called Strike 0-1: Ground out 4-3 (Groundball, 4, EV 86.9 MPH)
|
|
Batting: SHB Nick Daigle
|
0-0: Called Strike 0-1: Called Strike 0-2: Ball 1-2: Ball 2-2: Foul Ball, location: 2F 2-2: Foul Ball, location: 2F 2-2: Ball 3-2: Base on Balls
|
|
Batting: RHB Bill Crogan
|
0-0: Fielders Choice at 2nd, 6-4 (Groundball, 6, EV 101.9 MPH)
|
|
Batting: RHB Enrique Aguirre
|
0-0: Ball 1-0: Ball 2-0: Fly out, F9 (Line Drive, 89S, EV 85.6 MPH)
|
| Top of the 3rd over - 0 runs, 0 hits, 0 errors, 1 left on base; Kingsport 3 - Billings 6 |
| BOTTOM OF THE 3RD |
|
Billings Mustangs batting - Pitching for Kingsport Mets : RHP Justin Williams
|
|
Batting: LHB William Matthews
|
0-0: Foul Ball, location: 2F 0-1: Foul Ball, location: 2F 0-2: Foul Ball, location: 2F 0-2: Ground out U3 (Groundball, 34S, EV 85.0 MPH)
|
|
Batting: RHB Will Trudeau
|
0-0: Foul Ball, location: 2F 0-1: Foul Ball, location: 2F 0-2: Foul Ball, location: 2F 0-2: Ball 1-2: Ball 2-2: Foul Ball, location: 2F 2-2: Ball 3-2: Strikes out swinging
|
|
Batting: LHB Alex Ramos
|
0-0: Called Strike 0-1: Called Strike 0-2: Strikes out looking
|
| Bottom of the 3rd over - 0 runs, 0 hits, 0 errors, 0 left on base; Kingsport 3 - Billings 6 |
| TOP OF THE 4TH |
|
Kingsport Mets batting - Pitching for Billings Mustangs : RHP Juan Oliveros
|
|
Batting: RHB Chris Artz
|
0-0: Ball 1-0: Ball 2-0: Ball 3-0: Base on Balls
|
|
Batting: SHB Keith Casner
|
0-0: Ball 1-0: Ball 2-0: Ball 3-0: Base on Balls Chris Artz to second
|
|
Batting: RHB Sam Callahan
|
0-0: Ball 1-0: Ball 2-0: Swinging Strike 2-1: Foul Ball, location: 2F 2-2: 3-RUN HOME RUN (Line Drive, 78XD, EV 108.1 MPH), Distance : 404 ft
|
|
Pitching: RHP Cortez Restrepo
|
|
|
Batting: LHB Matt Baker
|
0-0: SINGLE (Groundball, 15S, EV 72.5 MPH) (infield hit)
|
|
Batting: RHB Artyom Shavkunov
|
0-0: Called Strike Matt Baker is caught stealing 2nd base 2-4 0-1: Ball 1-1: Foul Ball, location: 2F 1-2: Fly out, F9 (Flyball, 9, EV 86.9 MPH)
|
|
Batting: SHB Tyler Maddux
|
0-0: Fly out, F7 (Flyball, 7, EV 84.4 MPH)
|
| Top of the 4th over - 3 runs, 2 hits, 0 errors, 0 left on base; Kingsport 6 - Billings 6 |
| BOTTOM OF THE 4TH |
|
Billings Mustangs batting - Pitching for Kingsport Mets : RHP Justin Williams
|
|
Batting: RHB Omar Garce
|
0-0: Ball 1-0: Ball 2-0: Foul Ball, location: 2F 2-1: Ball 3-1: Foul Ball, location: 2F 3-2: Foul Ball, location: 2F 3-2: Base on Balls
|
|
Batting: RHB Alex de Leon
|
0-0: Fly out, F9 (Line Drive, 9, EV 87.5 MPH)
|
|
Batting: RHB Alex Juarez
|
0-0: Ball 1-0: Called Strike 1-1: Called Strike 1-2: Ball 2-2: SINGLE (Line Drive, 9S, EV 113.1 MPH) Omar Garce to second
|
|
Batting: SHB David Garnica
|
0-0: Called Strike 0-1: Foul Ball, location: 2F 0-2: Ball 1-2: Foul Ball, location: 2F 1-2: Foul Ball, location: 2F 1-2: Ball 2-2: Foul Ball, location: 2F 2-2: Ground out U3 (Groundball, 34S, EV 70.0 MPH) Omar Garce to third Alex Juarez to second
|
|
Pitching: LHP Antonio Davila
|
|
|
Batting: RHB Alex Villagomez
|
0-0: Ball 1-0: Ball 2-0: Foul Ball, location: 2F 2-1: Called Strike 2-2: Ball 3-2: Base on Balls
|
|
Batting: SHB Jaivata Mohanty
|
0-0: Foul Ball, location: 2F 0-1: Ball 1-1: Swinging Strike 1-2: Ball 2-2: Ball 3-2: Hit by Pitch Omar Garce scores Alex Juarez to third Alex Villagomez to second
|
|
Batting: LHB William Matthews
|
0-0: Fly out, F8 (Flyball, 78XD, EV 82.5 MPH)
|
| Bottom of the 4th over - 1 run, 1 hit, 0 errors, 3 left on base; Kingsport 6 - Billings 7 |
| TOP OF THE 5TH |
|
Kingsport Mets batting - Pitching for Billings Mustangs : RHP Cortez Restrepo
|
|
Batting: SHB Nick Daigle
|
0-0: Foul Ball, location: 2F 0-1: Ball 1-1: Fly out, F8 (Flyball, 8RM, EV 90.0 MPH)
|
|
Batting: RHB Bill Crogan
|
0-0: Foul Ball, location: 2F 0-1: Called Strike 0-2: Strikes out swinging
|
|
Batting: RHB Enrique Aguirre
|
0-0: Called Strike 0-1: Ball 1-1: Ball 2-1: SINGLE (Groundball, 34S, EV 62.5 MPH) (infield hit)
|
|
Batting: RHB Chris Artz
|
0-0: Foul Ball, location: 2F 0-1: Ball 1-1: Fielders Choice at 2nd, 6-4 (Groundball, 6, EV 91.9 MPH)
|
| Top of the 5th over - 0 runs, 1 hit, 0 errors, 1 left on base; Kingsport 6 - Billings 7 |
| BOTTOM OF THE 5TH |
|
Billings Mustangs batting - Pitching for Kingsport Mets : LHP Antonio Davila
|
|
Batting: RHB Will Trudeau
|
0-0: Foul Ball, location: 2F 0-1: Swinging Strike 0-2: Ball 1-2: Strikes out swinging
|
|
Batting: LHB Alex Ramos
|
0-0: Called Strike 0-1: Fly out, F8 (Flyball, 8LM, EV 91.2 MPH)
|
|
Batting: RHB Omar Garce
|
0-0: SINGLE (Groundball, 4MD, EV 100.0 MPH)
|
|
Batting: RHB Alex de Leon
|
0-0: Called Strike 0-1: Ball Wild Pitch! Omar Garce to second 1-1: Swinging Strike 1-2: Ball 2-2: Ball 3-2: Base on Balls
|
|
Batting: RHB Alex Juarez
|
0-0: Foul Ball, location: 2F 0-1: Called Strike 0-2: Ball 1-2: Ball 2-2: Fielders Choice at 2nd, 5-4 (Groundball, 56, EV 89.4 MPH)
|
| Bottom of the 5th over - 0 runs, 1 hit, 0 errors, 2 left on base; Kingsport 6 - Billings 7 |
| TOP OF THE 6TH |
|
Kingsport Mets batting - Pitching for Billings Mustangs : RHP Cortez Restrepo
|
|
Batting: SHB Keith Casner
|
0-0: Ball 1-0: Foul Ball, location: 2F 1-1: Called Strike 1-2: Fly out, F9 (Line Drive, 9LM, EV 98.8 MPH)
|
|
Batting: RHB Sam Callahan
|
0-0: Ball 1-0: Swinging Strike 1-1: Swinging Strike 1-2: Ball 2-2: Ball 3-2: Foul Ball, location: 2F 3-2: Base on Balls
|
|
Batting: LHB Matt Baker
|
0-0: Ball 1-0: Called Strike Sam Callahan steals 2nd base 1-1: Ground out 6-3 (Groundball, 6M, EV 101.2 MPH) Sam Callahan to third
|
|
Batting: RHB Artyom Shavkunov
|
0-0: Ball 1-0: Ball 2-0: Foul Ball, location: 2F 2-1: SINGLE (Groundball, 4MD, EV 93.8 MPH) Sam Callahan scores
|
|
Batting: SHB Tyler Maddux
|
0-0: Ball 1-0: Foul Ball, location: 2F 1-1: Ball 2-1: Ball 3-1: Foul Ball, location: 2F 3-2: Base on Balls Artyom Shavkunov to second
|
|
Pitching: RHP Jeff Buchanan
|
|
|
Batting: SHB Nick Daigle
|
0-0: Ball 1-0: Foul Ball, location: 2F 1-1: Ball 2-1: Foul Ball, location: 2F 2-2: Foul Ball, location: 2F 2-2: Fly out, F9 (Flyball, 9LS, EV 78.1 MPH)
|
| Top of the 6th over - 1 run, 1 hit, 0 errors, 2 left on base; Kingsport 7 - Billings 7 |
| BOTTOM OF THE 6TH |
|
Billings Mustangs batting - Pitching for Kingsport Mets : LHP Antonio Davila
|
|
Batting: SHB David Garnica
|
0-0: Swinging Strike 0-1: Ground out 4-3 (Groundball, 4M, EV 107.5 MPH)
|
|
Batting: RHB Alex Villagomez
|
0-0: Ball 1-0: Hit by Pitch
|
|
Pitching: RHP Jose Herrera
|
|
|
Batting: SHB Jaivata Mohanty
|
0-0: Called Strike 0-1: Ball 1-1: Ball 2-1: 2-RUN HOME RUN (Flyball, 89XD, EV 108.1 MPH), Distance : 410 ft
|
|
Batting: LHB William Matthews
|
0-0: Foul Ball, location: 2F 0-1: Ball 1-1: Called Strike 1-2: Ball 2-2: Strikes out looking
|
|
Batting: RHB Will Trudeau
|
0-0: Ball 1-0: Foul Ball, location: 2F 1-1: Foul Ball, location: 2F 1-2: Ball 2-2: Strikes out swinging
|
| Bottom of the 6th over - 2 runs, 1 hit, 0 errors, 0 left on base; Kingsport 7 - Billings 9 |
| TOP OF THE 7TH |
|
Kingsport Mets batting - Pitching for Billings Mustangs : RHP Jeff Buchanan
|
|
Batting: RHB Bill Crogan
|
0-0: Called Strike 0-1: Ball 1-1: Called Strike 1-2: Foul Ball, location: 2F 1-2: Strikes out swinging
|
|
Batting: RHB Enrique Aguirre
|
0-0: Called Strike 0-1: Ball 1-1: Foul Ball, location: 2F 1-2: Ball 2-2: Fly out, F9 (Line Drive, 89M, EV 105.0 MPH)
|
|
Batting: RHB Chris Artz
|
0-0: Ball 1-0: Ground out 5-3 (Groundball, 56, EV 108.8 MPH)
|
| Top of the 7th over - 0 runs, 0 hits, 0 errors, 0 left on base; Kingsport 7 - Billings 9 |
| BOTTOM OF THE 7TH |
|
Billings Mustangs batting - Pitching for Kingsport Mets : RHP Jose Herrera
|
|
Pitching: RHP Jeremy Delka
|
|
|
Batting: LHB Alex Ramos
|
0-0: Called Strike 0-1: Called Strike 0-2: Ball 1-2: Ball 2-2: Ball 3-2: Foul Ball, location: 2F 3-2: Foul Ball, location: 2F 3-2: Foul Ball, location: 2F 3-2: Foul Ball, location: 2F 3-2: Foul Ball, location: 2F 3-2: Ground out 5-3 (Groundball, 56, EV 108.1 MPH)
|
|
Batting: RHB Omar Garce
|
0-0: Ground out 4-3 (Groundball, 34, EV 103.8 MPH)
|
|
Batting: RHB Alex de Leon
|
0-0: Swinging Strike 0-1: Ball 1-1: Ball 2-1: Ball 3-1: Base on Balls
|
|
Batting: RHB Alex Juarez
|
0-0: Ball Alex de Leon is caught stealing 2nd base 2-4
|
| Bottom of the 7th over - 0 runs, 0 hits, 0 errors, 0 left on base; Kingsport 7 - Billings 9 |
| TOP OF THE 8TH |
|
Kingsport Mets batting - Pitching for Billings Mustangs : RHP Jeff Buchanan
|
|
Batting: SHB Keith Casner
|
0-0: Called Strike 0-1: Ball 1-1: Ball 2-1: Foul Ball, location: 2F 2-2: Strikes out swinging
|
|
Batting: RHB Sam Callahan
|
0-0: Ball 1-0: Foul Ball, location: 2F 1-1: Called Strike 1-2: Ball 2-2: Foul Ball, location: 2F 2-2: Strikes out swinging
|
|
Pitching: RHP Bayani Blanco
|
|
|
Batting: LHB Matt Baker
|
0-0: Ball 1-0: Called Strike 1-1: Ball 2-1: Swinging Strike 2-2: Strikes out swinging
|
| Top of the 8th over - 0 runs, 0 hits, 0 errors, 0 left on base; Kingsport 7 - Billings 9 |
| BOTTOM OF THE 8TH |
|
Billings Mustangs batting - Pitching for Kingsport Mets : RHP Jeremy Delka
|
|
Batting: RHB Alex Juarez
|
0-0: Foul Ball, location: 2F 0-1: Called Strike 0-2: Ball 1-2: Foul Ball, location: 2F 1-2: Hit by Pitch
|
|
Batting: SHB David Garnica
|
0-0: Ball 1-0: Ball 2-0: Ball 3-0: Base on Balls Alex Juarez to second
|
|
Batting: RHB Alex Villagomez
|
0-0: SINGLE (Groundball, 13, EV 81.2 MPH) (infield hit) Alex Juarez to third David Garnica to second
|
|
Pitching: LHP Tony Diaz
|
|
|
Batting: SHB Jaivata Mohanty
|
0-0: Foul Ball, location: 2F 0-1: Ball 1-1: Called Strike 1-2: Ball 2-2: Ball 3-2: Base on Balls Alex Juarez scores David Garnica to third Alex Villagomez to second
|
|
DELAY
|
Rain delay of 63 minutes in the 8th inning.
|
|
Batting: LHB William Matthews
|
0-0: Ball Wild Pitch! David Garnica scores Alex Villagomez to third Jaivata Mohanty to second 1-0: Ball 2-0: Foul Ball, location: 2F 2-1: Foul Ball, location: 2F 2-2: Ground out 5-3 (Groundball, 56, EV 104.4 MPH) Alex Villagomez scores
|
|
Batting: RHB Will Trudeau
|
0-0: Called Strike 0-1: Swinging Strike 0-2: Ball 1-2: Foul Ball, location: 2F 1-2: Ball 2-2: Strikes out looking
|
|
Batting: LHB Alex Ramos
|
0-0: Ball 1-0: Reached on error, E5 (Groundball, 56, EV 91.2 MPH) Jaivata Mohanty to third
|
|
Batting: RHB Omar Garce
|
0-0: SINGLE (Flyball, 56D, EV 88.1 MPH) Jaivata Mohanty scores Alex Ramos to second
|
|
Batting: RHB Alex de Leon
|
0-0: Called Strike 0-1: Ball 1-1: Ball 2-1: Called Strike 2-2: Foul Ball, location: 2F 2-2: SINGLE (Groundball, P, EV 82.5 MPH) (infield hit) Alex Ramos to third Omar Garce to second
|
|
Pitching: LHP Nestor Donato
|
|
|
Batting: RHB Alex Juarez
|
0-0: Foul Ball, location: 2F 0-1: Foul Ball, location: 2F 0-2: DOUBLE (Line Drive, 9LM, EV 106.2 MPH) Alex Ramos scores Omar Garce scores Alex de Leon to third Runner from 3rd tries for Home, SAFE, throw by RF to home
|
|
Pinch Hitting: LHB Martin Koka
|
0-0: Ball 1-0: Foul Ball, location: 2F 1-1: Ball 2-1: Called Strike 2-2: Strikes out looking
|
| Bottom of the 8th over - 7 runs, 4 hits, 1 error, 1 left on base; Kingsport 7 - Billings 16 |
| TOP OF THE 9TH |
|
Kingsport Mets batting - Pitching for Billings Mustangs : RHP Bayani Blanco
|
|
Now in LF: Martin Koka
|
|
|
Batting: RHB Artyom Shavkunov
|
0-0: Ball 1-0: Called Strike 1-1: Ball 2-1: Foul Ball, location: 2F 2-2: Strikes out swinging
|
|
Batting: SHB Tyler Maddux
|
0-0: Ball 1-0: Ball 2-0: SINGLE (Line Drive, 6D, EV 106.2 MPH)
|
|
Batting: SHB Nick Daigle
|
0-0: Ball 1-0: Ball 2-0: Called Strike 2-1: Ball 3-1: Called Strike 3-2: 2-RUN HOME RUN (Flyball, 9D, EV 99.4 MPH), Distance : 387 ft
|
|
Batting: RHB Bill Crogan
|
0-0: Called Strike 0-1: Foul Ball, location: 2F 0-2: Foul Ball, location: 2F 0-2: Ball 1-2: Ball 2-2: Strikes out swinging passed ball, reaches first!
|
|
Pitching: LHP Gabe Alcantara
|
|
|
Batting: RHB Enrique Aguirre
|
0-0: Fly out, F4 (Popup, 4MD, EV 53.8 MPH)
|
|
Batting: RHB Chris Artz
|
0-0: Ball 1-0: Foul Ball, location: 2F 1-1: Ball 2-1: Foul Ball, location: 2F 2-2: Ball 3-2: Ground out 6-3 (Groundball, 6, EV 79.4 MPH)
|
| Top of the 9th over - 2 runs, 2 hits, 0 errors, 1 left on base; Kingsport 9 - Billings 16 |
|